 Dungeon Crawl Stone Soup version 0.29.0-4-gdea44cf6ec (webtiles) character file.

Game seed: 15600718243857934150

85 qw the Sneak (level 4, -2/28 HPs)
             Began as a Gargoyle Delver on Sept 10, 2022.
             Slain by a scorpion (3 damage)
             ... on level 4 of the Dungeon.
             The game lasted 00:00:09 (427 turns).

qw the Sneak (Gargoyle Delver)                       Turns: 427, Time: 00:00:10

Health: -2/28      AC:  6    Str: 18    XL:     4   Next: 48%
Magic:  4/4        EV: 11    Int: 10    God:
Gold:   36         SH:  0    Dex: 11    Spells: 3/3 levels left

rFire   . . .      SeeInvis .   a - +0 hand axe
rCold   . . .      Faith    .   (no shield)
rNeg    + . .      Spirit   .   b - +0 leather armour
rPois   inf        Reflect  .   (no helmet)
rElec   +          Harm     .   (no cloak)
rCorr   .          Rampage  .   (no gloves)
Will    .....                   (no boots)
Stlth   +++.......              (no amulet)
HPRegen 0.09/turn               (no ring)
MPRegen 0.09/turn               (no ring)

@: no status effects
A: sickness immunity, AC +3, negative energy resistance 1, electricity
resistance, torment resistance 1, petrification resistance
a: no special abilities


You were on level 4 of the Dungeon.
You visited 1 branch of the dungeon, and saw 2 of its levels.

You collected 36 gold pieces.


Innate Abilities, Weirdness & Mutations

You are immune to sickness and miasma.
Your stone body is resilient. (AC +3)
You are immune to poison.
You resist negative energy. (rN+)
You are resistant to electric shocks. (rElec)
You are resistant to unholy torment.
You are immune to petrification.


   Skills:
 - Level 3.2 Fighting
 + Level 4.1 Axes
 - Level 1.5 Dodging
 - Level 5.4 Stealth


You had 3 spell levels left.
You didn't know any spells.
Your spell library was empty.

Inventory:

Hand Weapons
 a - a +0 hand axe (weapon)
Armour
 b - a +0 leather armour (worn)
Wands
 g - a wand of digging (3)
Scrolls
 c - a scroll of enchant armour {unknown}
Potions
 f - a potion of haste

Dungeon Overview and Level Annotations

Branches:
Dungeon (5/15)
 Temple: D:4-7

Altars:


Message History

You hit the scorpion but do no damage.
The scorpion is heavily wounded.
The scorpion closely misses you.
You barely miss the scorpion.
The scorpion is heavily wounded.
The scorpion stings you but does no damage.
You barely miss the scorpion.
The scorpion is heavily wounded.
The scorpion stings you. The scorpion barely misses you.
You hit the scorpion.
The scorpion is severely wounded.
The scorpion stings you.
You barely miss the scorpion.
The scorpion is severely wounded.
The scorpion closely misses you.
You barely miss the scorpion.
The scorpion is severely wounded.
The scorpion closely misses you. The scorpion stings you.
You hit the scorpion but do no damage.
The scorpion is severely wounded.
The scorpion barely misses you.
You closely miss the scorpion.
The scorpion is severely wounded.
The scorpion stings you.
You closely miss the scorpion.
The scorpion is severely wounded.
The scorpion stings you.
You closely miss the scorpion.
The scorpion is severely wounded.
The scorpion stings you. The scorpion barely misses you.
You barely miss the scorpion.
The scorpion is severely wounded.
The scorpion stings you.
You hit the scorpion but do no damage.
The scorpion is severely wounded.
The scorpion stings you.
You hit the scorpion but do no damage.
The scorpion is severely wounded.
The scorpion stings you.
You die...

#.#.#........# #.
#.#.##.......## #.
#.#............ #.
#.#####...##### #.
#.............. #.
#######.####### #.
#...##........
#s####...##########
#.@......+ .......
########...##
#######
#...........# #
#.######....# #
#....# # #....# #
##...####### #
#.........###
#.........'..


You could see a scorpion.

Vanquished Creatures
  A scorpion (D:4)
  3 adders (D:4)
4 creatures vanquished.

Notes
Turn   | Place    | Note
-------+----------+-------------------------------------------
     0 | D:5      | qw the Gargoyle Delver began the quest for the Orb.
     0 | D:5      | Reached XP level 1. HP: 14/14 MP: 1/1
     0 | D:5      | 0 ||| qw: Version: 0.1-a-116-g5d60599
     0 | D:5      | 0 ||| qw: Game counter: 8389
     0 | D:5      | 0 ||| qw: Always use a shield: true
     0 | D:5      | 0 ||| qw: God list: Okawaru
     0 | D:5      | 0 ||| qw: Allow faded altars: false
     0 | D:5      | 0 ||| qw: Do Orc after D:15 true
     0 | D:5      | 0 ||| qw: Do second Lair branch before Depths: true
     0 | D:5      | 0 ||| qw: Lair rune preference: random
     0 | D:5      | 0 ||| qw: Plans: Normal
     0 | D:5      | 0 ||| PLANNING D:1-11
     0 | D:5      | 0 ||| DROPPING scroll of fog.
     1 | D:5      | 1 ||| DROPPING scroll of magic mapping.
     2 | D:5      | 2 ||| DROPPING scroll of fear.
    78 | D:4      | Reached XP level 2. HP: 19/19 MP: 2/2
   149 | D:4      | Noticed a scorpion
   157 | D:4      | Reached skill level 3 in Axes
   157 | D:4      | Reached XP level 3. HP: 23/23 MP: 3/3
   166 | D:4      | Killed a scorpion
   167 | D:4      | Reached XP level 4. HP: 9/28 MP: 4/4
   388 | D:4      | Noticed a scorpion
   425 | D:4      | HP: 2/28 [scorpion (6)]
   427 | D:4      | Slain by a scorpion

Levels and vault maps discovered:
D:4:      layout_basic, gammafunk_temple_overflow_pools,
          minmay_temple_entry_junction
D:5:      layout_layer_cave, okawaru_trees_1, uniq_edmund, uniq_eustachio,
          uniq_crazy_yiuf_cottage

Skill      XL: |  1  2  3 |
---------------+----------+-----
Axes           | 2 3 4 |  4.1
Fighting       | |  3.2
Dodging        | |  1.5
Stealth        | |  5.4

Action                   |  1- 3 |  4- 6 || total
-------------------------+-------+-------++-------
Melee: Hand axe          |    21 |    25 ||    46
 Stab: Sleeping          |       |     1 ||     1
Armor: Leather armour    |     9 |     7 ||    16
Dodge: Dodged            |    11 |    15 ||    26

Table legend:
 A = Non-vault XP
 B = Vault XP
 C = Vault XP percentage of total XP
 D = Non-vault monster count
 E = Vault monster count
 F = Vault count percentage of total count
                 A         B        C        D         E       F
            +---------+---------+-------+---------+---------+-------
      Total |     122 |       0 |   0.0 |       4 |       0 |   0.0
            +---------+---------+-------+---------+---------+-------
        D:4 |     122 |       0 |   0.0 |       4 |       0 |   0.0
            +---------+---------+-------+---------+---------+-------
